 Dungeon Crawl Stone Soup version 0.28.0 (webtiles) character file.

Game seed: 6497630166690376490

22 Dorkslayer the Shield-Bearer (level 2, 0/21 HPs)
             Began as an Octopode Fighter on June 13, 2022.
             Succumbed to an adder's poison
             ... on level 2 of the Dungeon.
             The game lasted 00:01:18 (821 turns).

Dorkslayer the Shield-Bearer (Octopode Fighter)      Turns: 821, Time: 00:01:18

Health: 0/21       AC:  1    Str: 13 (15) XL:     2   Next: 91%
Magic:  2/2        EV: 13    Int:  7 (10) God:
Gold:   10         SH:  4    Dex:  9 (11) Spells: 1/1 levels left

rFire   . . .      SeeInvis .   a - +0 long sword
rCold   . . .      Faith    .   b - +0 buckler
rNeg    . . .      Spirit   .   (helmet restricted)
rPois   .          Reflect  .   (no amulet)
rElec   .          Harm     .   (no ring)
rCorr   .          Rampage  .   (no ring)
Will    .....                   (no ring)
Stlth   ++........              (no ring)
HPRegen 0.07/turn               (no ring)
MPRegen 0.08/turn               (no ring)
                                (no ring)
                                (no ring)

@: lethally poisoned (0 -> -3), attractive
A: almost no armour, amphibious, 8 rings, camouflage 1, gelatinous body 1,
(nimble swimmer 1), tentacles
a: no special abilities


You were on level 2 of the Dungeon.
You visited 1 branch of the dungeon, and saw 2 of its levels.

You collected 10 gold pieces.

Inventory:

Hand Weapons
 a - a +0 long sword (weapon)
Armour
 b - a +0 buckler (worn)
Scrolls
 e - a scroll of identify {unknown}
Potions
 c - a potion of might


   Skills:
 + Level 3.3 Fighting
 + Level 2.1 Long Blades
 + Level 3.2 Dodging
 + Level 0.2 Stealth
 + Level 3.3 Shields


You had one spell level left.
You didn't know any spells.
Your spell library was empty.

Dungeon Overview and Level Annotations

Branches:
Dungeon (2/15)

Altars:

Shops:
D:1 *


Innate Abilities, Weirdness & Mutations

You cannot wear most types of armour.
You are amphibious.
You can wear up to eight rings at the same time.
Your skin changes colour to match your surroundings (Stealth+).
Your rubbery body absorbs attacks. (AC +1, EV +1)
((You are camouflaged when in or above water. (Stealth+)))
You have tentacles for arms and can constrict up to eight enemies at once.


Message History

You see here a +0 dagger.
There is an open door here.
As you open the door, it creaks loudly!
There is an open door here.
You open the door.
There is an open door here.
Done exploring.
There is a stone staircase leading down here.
You have 10 gold pieces.
You climb downwards.
There is a stone staircase leading up here.
Found 17 sling bullets.
An adder comes into view.
The adder bites you.
You are poisoned.
The adder poisons you!
You barely miss the adder. You grab the adder. You constrict the adder.
You feel sick. The adder bites you. x2
You are lethally poisoned!
The adder poisons you!
You slash the adder!
You kill the adder!
* * * LOW HITPOINT WARNING * * *
You feel very sick.
* * * LOW HITPOINT WARNING * * *
You feel sick.
It was a potion of degeneration.
There was something very wrong with that liquid.
You feel weakened.
You feel dopey.
You feel clumsy.
* * * LOW HITPOINT WARNING * * *
You feel sick.
It was a potion of attraction.
You feel attractive to monsters.
* * * LOW HITPOINT WARNING * * *
You feel sick.
There is a lethal amount of poison in your body!
There is a lethal amount of poison in your body!
* * * LOW HITPOINT WARNING * * *
You feel sick.
You die...

### #.....# #.###.# ...
#.. ##. ##. #. #. # ## #
##################
♣.♣.♣.♣.♣.♣.8.♣.♣.♣.♣(♣.
.......@................
♣.♣.8.♣.♣.♣.♣.♣.♣.♣.♣.♣.
### ##################


There were no monsters in sight!

Vanquished Creatures
  An adder (D:2)
  An endoplasm (D:1)
  A giant cockroach (D:1)
  2 jackals (D:1)
  A quokka (D:1)
  A ball python (D:1)
  4 kobolds (D:1)
  2 rats (D:1)
13 creatures vanquished.

Notes
Turn   | Place    | Note
-------+----------+-------------------------------------------
     0 | D:1      | Dorkslayer the Octopode Fighter began the quest for the
                  | Orb.
     0 | D:1      | Reached XP level 1. HP: 16/16 MP: 1/1
    82 | D:1      | Reached XP level 2. HP: 17/21 MP: 2/2
   390 | D:1      | Found Wothrucedd's General Store.
   820 | D:2      | HP: 1/21 [poisoned by an adder]
   821 | D:2      | Succumbed to an adder's poison

Illustrated notes

Levels and vault maps discovered:
D:1:      wander_arrival_abandoned_jail, layout_basic, serial_shops,
          nicolae_shop_trees, amcnicky_mini_corridor_feature
D:2:      layout_loops_corners, chequers_avenue, minmay_misc_feat_hallway,
          kennysheep_generic_room_16

Action                   || total
-------------------------++-------
Melee: Long sword        ||    23
       Constrict         ||     7
       Tentacles         ||     6
  Use: Potion            ||     2
 Stab: Sleeping          ||     2
Armor: Skin              ||     1
Dodge: Dodged            ||    11
Block: Buckler           ||     4
